 Dungeon Crawl Stone Soup version 0.30-a0-1066-g63dfefce0d (webtiles) character file.

Game seed: 12509932052815299183

91 Maxmaps the Insei (level 4, -9/35 HPs)
             Began as a Demonspawn Monk on Apr 13, 2023.
             Mangled by Menkaure (21 damage)
             ... on level 4 of the Dungeon.
             The game lasted 00:02:31 (2740 turns).

Maxmaps the Insei (Demonspawn Monk)                 Turns: 2740, Time: 00:02:31

Health: -9/35      AC:  7    Str:  8 (10) XL:     4   Next: 33%
Magic:  4/4        EV: 11    Int: 12 (13) God:
Gold:   174        SH:  0    Dex: 16 (19) Spells: 3/3 levels left

rFire   + . .      SeeInvis .    s - +1 dagger (venom)
rCold   + . .      Faith    .    c - orb {light}
rNeg    . . .      Spirit   .    g - +0 ring mail
rPois   .          Reflect  .    (no helmet)
rElec   .          Rampage  .    k - +1 cloak
rCorr   +                        (no gloves)
Will    +....                    (no boots)
Stlth   +                        (no amulet)
HPRegen 0.25/turn                j - ring of resist corrosion
MPRegen 0.09/turn                p - ring of protection from fire

@: attractive, glowing, unable to drink
A: demonic touch 2, agile 1, cold resistance 1, strong-willed 1, inability to
drink after injury 1
a: no special abilities


You were on level 4 of the Dungeon.
You visited 1 branch of the dungeon, and saw 4 of its levels.

You collected 174 gold pieces.

Inventory:

Hand Weapons
 s - a +1 dagger of venom (weapon)
Armour
 c - an orb of light (worn)
 g - a +0 ring mail (worn)
 k - a +1 cloak (worn)
Jewellery
 f - a ring of ice
 j - a ring of resist corrosion (left hand)
 p - a ring of protection from fire (right hand)
Wands
 n - a wand of digging (6)
 r - a wand of paralysis (8)
Scrolls
 a - a scroll of amnesia {unknown}
 d - 5 scrolls of identify {unknown}
 e - 2 scrolls of vulnerability {unknown}
 l - a scroll of brand weapon {unknown}
 m - 2 scrolls of immolation {unknown}
 o - a scroll of magic mapping {unknown}
 q - 2 scrolls of fog {unknown}


   Skills:
 - Level 3.0 Fighting
 - Level 3.0 Armour
 + Level 2.9 Dodging
 - Level 1.7 Stealth
 - Level 3.2 Unarmed Combat


You had 3 spell levels left.
You didn't know any spells.
Your spell library contained the following spells:

 Spells                   Type           Power      Damage    Failure   Level
 Sandblast                Erth           0%         2d4       67%         1
 Passwall                 Tmut/Erth      0%         N/A       82%         2
 Stone Arrow              Conj/Erth      0%         3d7       96%         3


Dungeon Overview and Level Annotations

Branches:
Dungeon (4/15)
 Temple: D:4-7

Altars:
Ashenzari
Cheibriados
Makhleb
Trog

Annotations:
D:4 Menkaure


Innate Abilities, Weirdness & Mutations

Your touch may inflict irresistible damage on your foes.
You are agile. (Dex +4, Str/Int -1)
Your flesh is cold resistant. (rC+)
You are strong-willed. (Will+)
You occasionally lose the ability to drink potions when taking damage.


Message History

The ball python closely misses you. The ball python constricts you.
Menkaure hits you!!
Ouch! That really hurt!
The ball python barely misses you. The ball python constricts you.
You are too injured to fight recklessly!
You are too injured to fight recklessly!
It was a potion of attraction.
You feel attractive to monsters.
You kill the ball python!
Menkaure barely misses you.
Sorry, you're not good enough to have a special ability.
It was a potion of degeneration.
There was something very wrong with that liquid.
You feel weakened.
You feel dopey.
You feel clumsy. Menkaure hits you.
It was a potion of curing.
You feel better.
Menkaure gestures at you while chanting.
Pain shoots through your body!
* * * LOW HITPOINT WARNING * * *
It was a potion of mutation.
You feel extremely strange.
You feel agile.
You feel resistant to cold.
You occasionally lose the ability to drink potions when taking damage.
You feel strong-willed.
Unknown command.
You feel better. Menkaure barely misses you.
You hit Menkaure but do no damage. Menkaure hits you but does no damage.
You hit Menkaure.
Menkaure is lightly damaged.
Menkaure hits you!
You feel threatened and lose the ability to drink potions!
You hit Menkaure but do no damage.
Menkaure is lightly damaged.
Menkaure completely misses you.
You hit Menkaure.
Menkaure is lightly damaged.
You hit Menkaure.
Menkaure is moderately damaged.
Menkaure hits you!!
Ouch! That really hurt!
You die...

.. .. ###.
###...###
##.......#
?......#.#
#.....#.###
#..†@...#
.###M.!..#
..........#####
..............#####
##.$.......†......#
#...........≈≈≈..#
#........#.≈≈≈≈≈.#
...######...≈≈_≈≈.#
###########.≈≈.≈≈.#


You could see Menkaure.

Vanquished Creatures
  4 adders
  2 worms
  A dart slug (D:4)
  9 ball pythons
  4 bats
  3 endoplasms
  A giant cockroach (D:1)
  4 goblins
  4 hobgoblins (D:1)
  2 quokkas (D:1)
  4 frilled lizards (D:1)
  6 kobolds
  5 rats
49 creatures vanquished.

Notes
Turn   | Place    | Note
-------+----------+-------------------------------------------
     0 | D:1      | Maxmaps the Demonspawn Monk began the quest for the Orb.
     0 | D:1      | Reached XP level 1. HP: 18/18 MP: 1/1
   216 | D:1      | Gained mutation: Your touch may inflict minor irresistible
                  | damage on your foes. [demonic ancestry]
   216 | D:1      | Reached XP level 2. HP: 19/24 MP: 2/2
   337 | D:1      | Reached skill level 1 in Armour
   618 | D:1      | Reached XP level 3. HP: 25/29 MP: 3/3
   907 | D:2      | Found a snail-covered altar of Cheibriados.
  2158 | D:3      | Found a burning altar of Makhleb.
  2158 | D:3      | Noticed a green death
  2182 | D:3      | Gained mutation: Your touch may inflict irresistible damage
                  | on your foes. [demonic ancestry]
  2182 | D:3      | Reached XP level 4. HP: 31/35 MP: 4/4
  2409 | D:3      | Found a broken altar of Ashenzari.
  2703 | D:4      | Found a bloodstained altar of Trog.
  2724 | D:4      | Noticed Menkaure
  2734 | D:4      | Gained mutation: You are agile. (Dex +4, Str/Int -1)
                  | [potion of mutation]
  2734 | D:4      | Gained mutation: Your flesh is cold resistant. (rC+)
                  | [potion of mutation]
  2734 | D:4      | Gained mutation: You occasionally lose the ability to drink
                  | potions when taking damage. [potion of mutation]
  2734 | D:4      | Gained mutation: You are strong-willed. (Will+) [potion of
                  | mutation]
  2740 | D:4      | Mangled by Menkaure

Illustrated notes

Levels and vault maps discovered:
D:1:      reono_arrival_mine, layout_loops_ring
D:2:      mumra_celtic_spiral_tile, layout_loops_corners, basic_altar
D:3:      layout_basic, nicolae_ashenzari_skybound, makhleb_altar_promises_db
D:4:      layout_rooms, mainiacjoe_overflow_catwalk,
          nicolae_ru_sacrificial_ziggurat, minmay_temple_entry_nine_rooms,
          gammafunk_ghost_nasty_kobolds, corexii_leaking_fountain,
          minmay_unequal, uniq_menkaure, uniq_edmund, uniq_robin, uniq_ijyb

Skill      XL: |  1  2  3  4 |
---------------+-------------+-----
Unarmed Combat | 3 |  3.2
Armour         | 1 2 3 |  3.0
Fighting       | |  3.0
Dodging        | |  2.9
Stealth        | |  1.7

Action                     |  1- 3 |  4- 6 || total
---------------------------+-------+-------++-------
  Melee: Unarmed           |   148 |    13 ||   161
         Dagger            |       |    23 ||    23
    Use: Potion            |     1 |     5 ||     6
 Armour: Robe              |     5 |       ||     5
         Ring mail         |    37 |     8 ||    45
  Dodge: Dodged            |    74 |    17 ||    91

Table legend: (Time is in decaauts)
 A = Elapsed time spent in this place.
 B = Non-inter-level travel time spent in this place.
 C = Inter-level travel time spent in this place.
 D = Time resting spent in this place.
 E = Time spent auto-exploring this place.
 F = Levels seen in this place.
 G = Mean time per level.
                   A        B        C        D        E       F      G
               +--------+--------+--------+--------+--------+-----+--------+
         Total |   2726 |   2649 |     77 |      0 |   2264 |   4 |  681.5 |
       Dungeon |   2726 |   2649 |     77 |      0 |   2264 |   4 |  681.5 |
               +--------+--------+--------+--------+--------+-----+--------+

Top non-repeatable levels by time:
     D:2: 1031 daAuts
     D:1: 830 daAuts
     D:3: 828 daAuts
     D:4: 36 daAuts
